[Event "CZE-ch Amateurs 2022"]
[Site "Luhacovice"]
[Date "2022.03.16"]
[Round "6.19"]
[White "Malinovsky, Petr"]
[Black "Kapusta, Petr"]
[Result "1-0"]
[ECO "E81"]
[WhiteElo "1965"]
[BlackElo "2105"]
[Annotator "ChessBase"]
[PlyCount "97"]
[EventDate "2022.03.12"]
[EventType "swiss"]
[EventCountry "CZE"]
[SourceTitle "playchess.com"]
[Source "ChessBase"]
[SourceQuality "1"]
[TimeControl "5400+30"]

1. d4 Nf6 2. c4 g6 3. Nc3 Bg7 4. e4 d6 5. f3 O-O 6. Be3 c5 7. Nge2 Nc6 8. Qd2 e5 9. dxc5 dxc5 10. Bxc5 Qxd2+ 11. Kxd2 Rd8+ 12. Nd5 b6 13. Be3 Nxd5 14. cxd5 Bb7 15. Nc3 Rac8 16. Bd3 Na5 17. b3 Bf8 18. Nb5 a6 19. Na7 Bb4+ 20. Ke2 Ra8 21. Bxb6 Rd6 22. Be3 Bc3 23. Rac1 Bd4 24. b4 Bxe3 25. Kxe3 Nb3 26. axb3 Rxa7 27. Ra1 Bc8 28. Rhc1 Bd7 29. Rc5 Rb6 30. b5 a5 31. Ra4 Rab7 32. Rxa5 Kf8 33. Ra6 Ke7 34. Rxb6 Rxb6 35. Kd2 Kd6 36. b4 f5 37. Kc3 f4 38. Kb3 g5 39. Ka4 Ra6+ 40. Kb3 Rb6 41. Rc2 h5 42. Ra2 Bc8 43. Ra7 Bb7 44. Kc4 Kc7 45. Kc5 Rg6 46. b6+ Kb8 47. Ba6 Ba8 48. Re7 Rg8 49. b7 1-0

[Event "CZE-ch Amateurs 2022"]
[Site "Luhacovice"]
[Date "2022.03.16"]
[Round "6.20"]
[White "Merva, Frantisek"]
[Black "Zednicek, Filip"]
[Result "1-0"]
[ECO "D02"]
[WhiteElo "2025"]
[BlackElo "1570"]
[Annotator "ChessBase"]
[PlyCount "33"]
[EventDate "2022.03.12"]
[EventType "swiss"]
[EventCountry "CZE"]
[SourceTitle "playchess.com"]
[Source "ChessBase"]
[SourceQuality "1"]
[TimeControl "5400+30"]

1. d4 d5 2. Nf3 e6 3. Bf4 c5 4. e3 Nc6 5. c3 Nf6 6. Nbd2 Bd6 7. Bxd6 Qxd6 8. Bb5 O-O 9. Bxc6 bxc6 10. O-O cxd4 11. exd4 c5 12. dxc5 Qxc5 13. Nb3 Qd6 14. Qd4 Ba6 15. Rfe1 Ne4 16. Rad1 Rfd8 17. Rxe4 1-0

[Event "CZE-ch Amateurs 2022"]
[Site "Luhacovice"]
[Date "2022.03.17"]
[Round "7.1"]
[White "Kratochvil, Josef"]
[Black "Buchcar, Tomas"]
[Result "0-1"]
[ECO "B15"]
[WhiteElo "2200"]
[BlackElo "2121"]
[Annotator "ChessBase"]
[PlyCount "84"]
[EventDate "2022.03.12"]
[EventType "swiss"]
[EventCountry "CZE"]
[SourceTitle "playchess.com"]
[Source "ChessBase"]
[SourceQuality "1"]
[TimeControl "5400+30"]

1. e4 c6 2. d4 d5 3. Nc3 dxe4 4. Nxe4 Nf6 5. Nxf6+ exf6 6. c3 Bd6 7. Bd3 O-O 8. Qc2 Re8+ 9. Ne2 h6 10. Be3 Be6 11. O-O Qc7 12. h3 Nd7 13. c4 Nf8 14. Rfd1 Rad8 15. Rac1 Qb8 16. a3 a6 17. Qd2 Ng6 18. Bxg6 fxg6 19. Bf4 g5 20. Bxd6 Qxd6 21. Rc3 b5 22. cxb5 cxb5 23. Re3 f5 24. Qb4 f4 25. Qxd6 Rxd6 26. Re5 Red8 27. h4 f3 28. gxf3 gxh4 29. Re4 Bd5 30. Kg2 Rg6+ 31. Kh3 Rf8 32. Rf4 Bxf3 33. Rd2 Rxf4 34. Nxf4 Rf6 35. Nd3 g5 36. Ne5 Be4 37. Re2 Rf4 38. Kh2 Bd5 39. Nd7 Kf7 40. Nc5 Rxd4 41. Nxa6 Rd1 42. Kh3 Bf3 0-1

[Event "CZE-ch Amateurs 2022"]
[Site "Luhacovice"]
[Date "2022.03.17"]
[Round "7.2"]
[White "Mudrak, Josef"]
[Black "Gabriel, Adam"]
[Result "1/2-1/2"]
[ECO "A34"]
[WhiteElo "2219"]
[BlackElo "2097"]
[Annotator "ChessBase"]
[PlyCount "39"]
[EventDate "2022.03.12"]
[EventType "swiss"]
[EventCountry "CZE"]
[SourceTitle "playchess.com"]
[Source "ChessBase"]
[SourceQuality "1"]
[TimeControl "5400+30"]

1. c4 Nf6 2. Nf3 c5 3. g3 d5 4. Bg2 Nc6 5. cxd5 Nxd5 6. O-O e5 7. Nc3 Nc7 8. d3 Be7 9. Be3 O-O 10. Nd2 Nd4 11. Nc4 f6 12. Rc1 Rb8 13. f4 exf4 14. Bxf4 Nde6 15. Be3 b6 16. Bf2 Bb7 17. e4 Nd4 18. g4 Qd7 19. Ne3 Bd6 20. Ncd5 1/2-1/2

[Event "CZE-ch Amateurs 2022"]
[Site "Luhacovice"]
[Date "2022.03.17"]
[Round "7.3"]
[White "Zvolensky, David"]
[Black "Zelbova, Lada"]
[Result "1-0"]
[ECO "B85"]
[WhiteElo "2159"]
[BlackElo "1905"]
[Annotator "ChessBase"]
[PlyCount "45"]
[EventDate "2022.03.12"]
[EventType "swiss"]
[EventCountry "CZE"]
[SourceTitle "playchess.com"]
[Source "ChessBase"]
[SourceQuality "1"]
[TimeControl "5400+30"]

1. e4 c5 2. Nf3 e6 3. d4 cxd4 4. Nxd4 Nf6 5. Nc3 d6 6. Be3 a6 7. Be2 Be7 8. O-O O-O 9. f4 Qc7 10. Bf3 Nc6 11. Qe2 Rd8 12. Qf2 Nd7 13. Rad1 Na5 14. f5 Ne5 15. Nxe6 Nxf3+ 16. gxf3 fxe6 17. Bb6 Qc4 18. Bxa5 Rf8 19. b3 Qc6 20. fxe6 Bxe6 21. Nd5 Bd8 22. Bxd8 Raxd8 23. Ne7+ 1-0

[Event "CZE-ch Amateurs 2022"]
[Site "Luhacovice"]
[Date "2022.03.17"]
[Round "7.4"]
[White "Taus, Martin"]
[Black "Pilch, Roman"]
[Result "1/2-1/2"]
[ECO "E65"]
[WhiteElo "2017"]
[BlackElo "2136"]
[Annotator "ChessBase"]
[PlyCount "26"]
[EventDate "2022.03.12"]
[EventType "swiss"]
[EventCountry "CZE"]
[SourceTitle "playchess.com"]
[Source "ChessBase"]
[SourceQuality "1"]
[TimeControl "5400+30"]

1. c4 g6 2. Nf3 Bg7 3. g3 c5 4. Bg2 Nf6 5. O-O O-O 6. d4 d6 7. dxc5 dxc5 8. Nc3 Nc6 9. Be3 Qa5 10. Qa4 Qb4 11. Qb5 Be6 12. Bxc5 Qxc4 13. Qxc4 Bxc4 1/2-1/2

[Event "CZE-ch Amateurs 2022"]
[Site "Luhacovice"]
[Date "2022.03.17"]
[Round "7.5"]
[White "Toman, Jan"]
[Black "Slepov, Kyryl"]
[Result "0-1"]
[ECO "C00"]
[WhiteElo "2127"]
[BlackElo "2064"]
[Annotator "ChessBase"]
[PlyCount "66"]
[EventDate "2022.03.12"]
[EventType "swiss"]
[EventCountry "CZE"]
[SourceTitle "playchess.com"]
[Source "ChessBase"]
[SourceQuality "1"]
[TimeControl "5400+30"]

1. Nf3 Nf6 2. g3 e6 3. Bg2 d5 4. d3 Be7 5. Nbd2 O-O 6. e4 c5 7. e5 Nfd7 8. O-O Nc6 9. Re1 Qc7 10. Qe2 b5 11. Nf1 a5 12. h4 a4 13. a3 b4 14. h5 Nd4 15. Nxd4 cxd4 16. h6 g6 17. Bf4 bxa3 18. Bxd5 Ra5 19. Bxe6 fxe6 20. bxa3 Rc5 21. Qg4 Rf5 22. Nd2 Nxe5 23. Qe2 Bb7 24. Ne4 Rxc2 25. Qd1 g5 26. Bxe5 Rxe5 27. Rb1 Bxe4 28. dxe4 Qc3 29. Qh5 Bf8 30. Red1 Qc6 31. Rxd4 Rxf2 32. Re1 Qc2 33. Qh3 Bc5 0-1

[Event "CZE-ch Amateurs 2022"]
[Site "Luhacovice"]
[Date "2022.03.17"]
[Round "7.6"]
[White "Horvath, Tomas"]
[Black "Jedlicka, Ales"]
[Result "1-0"]
[ECO "B22"]
[WhiteElo "2079"]
[BlackElo "2223"]
[Annotator "ChessBase"]
[PlyCount "113"]
[EventDate "2022.03.12"]
[EventType "swiss"]
[EventCountry "CZE"]
[SourceTitle "playchess.com"]
[Source "ChessBase"]
[SourceQuality "1"]
[TimeControl "5400+30"]

1. e4 c5 2. d4 cxd4 3. c3 Nf6 4. e5 Nd5 5. Nf3 e6 6. Qxd4 Nc6 7. Qe4 d6 8. exd6 Bxd6 9. Bd3 Nf6 10. Qh4 Be7 11. Bc2 Qc7 12. O-O Nd5 13. Qg4 g6 14. Bg5 e5 15. Qh4 Be6 16. Bxe7 Qxe7 17. Qa4 O-O 18. Re1 f6 19. Nbd2 Rfd8 20. Rad1 Rac8 21. Qh4 g5 22. Qh6 Qg7 23. Qxg7+ Kxg7 24. Ne4 b6 25. Ng3 Nde7 26. a3 Na5 27. Nd2 Rc7 28. Nde4 Rxd1 29. Rxd1 Bf7 30. Nd6 Bg6 31. Bxg6 Kxg6 32. Kf1 a6 33. Ke2 b5 34. Nge4 Rc6 35. Ne8 f5 36. Rd6+ Kf7 37. Rxc6 Nexc6 38. N4d6+ Ke6 39. b4 Nc4 40. Nxc4 bxc4 41. Nc7+ Kd6 42. Nxa6 e4 43. a4 f4 44. Nc5 Kd5 45. Nd7 g4 46. Nb6+ Ke6 47. Nxc4 Ne7 48. a5 Kd5 49. a6 Nc8 50. Na5 h5 51. c4+ Kd4 52. c5 f3+ 53. gxf3 exf3+ 54. Ke1 Na7 55. Nb7 Kc4 56. c6 Kxb4 57. c7 1-0

[Event "CZE-ch Amateurs 2022"]
[Site "Luhacovice"]
[Date "2022.03.17"]
[Round "7.7"]
[White "Nemec, Pavel"]
[Black "Bokhnak, Timofey"]
[Result "1/2-1/2"]
[ECO "B40"]
[WhiteElo "2223"]
[BlackElo "1978"]
[Annotator "ChessBase"]
[PlyCount "121"]
[EventDate "2022.03.12"]
[EventType "swiss"]
[EventCountry "CZE"]
[SourceTitle "playchess.com"]
[Source "ChessBase"]
[SourceQuality "1"]
[TimeControl "5400+30"]

1. e4 c5 2. Nc3 e6 3. Nf3 a6 4. g3 Nc6 5. Bg2 g6 6. d4 cxd4 7. Nxd4 Bg7 8. Be3 Nge7 9. Nxc6 Nxc6 10. O-O O-O 11. Bc5 Re8 12. Qd2 Ne5 13. b3 Nc6 14. Rad1 b5 15. e5 Qa5 16. Bxc6 dxc6 17. Qe3 b4 18. Na4 Rb8 19. Rfe1 Bf8 20. Bd6 Rb5 21. c4 bxc3 22. Nxc3 Bh6 23. Qf3 Rb7 24. Ne4 Bg7 25. Nc5 Rb6 26. Na4 Rb7 27. Nc5 Rb6 28. Qe3 Rb5 29. a4 Rb4 30. Ne4 Rb7 31. b4 Qd8 32. Nc5 Rxb4 33. Nxe6 Bxe6 34. Bxb4 Bd5 35. f4 g5 36. Bc3 gxf4 37. gxf4 Bh6 38. Qg3+ Kh8 39. e6+ f6 40. Qh4 Bg7 41. f5 Qe7 42. Kf2 Qc5+ 43. Qd4 Qd6 44. Rg1 Qxh2+ 45. Kf1 Qh3+ 46. Ke1 Qxf5 47. Rxg7 Kxg7 48. Qa7+ Kh8 49. e7 Rg8 50. Qd4 Kg7 51. Kd2 Kf7 52. Kc1 Rg2 53. Bd2 Rg4 54. Qe3 Re4 55. Qg3 Rc4+ 56. Bc3 Qg5+ 57. Qxg5 fxg5 58. Re1 Re4 59. Rxe4 Bxe4 60. Bf6 g4 61. Bh4 1/2-1/2

[Event "CZE-ch Amateurs 2022"]
[Site "Luhacovice"]
[Date "2022.03.17"]
[Round "7.8"]
[White "Kupsa, Matej"]
[Black "Vanek, Ladislav"]
[Result "0-1"]
[ECO "B00"]
[WhiteElo "2097"]
[BlackElo "2221"]
[Annotator "ChessBase"]
[PlyCount "88"]
[EventDate "2022.03.12"]
[EventType "swiss"]
[EventCountry "CZE"]
[SourceTitle "playchess.com"]
[Source "ChessBase"]
[SourceQuality "1"]
[TimeControl "5400+30"]

1. e4 b6 2. Nc3 Bb7 3. f4 e6 4. Nf3 Bb4 5. d3 d5 6. Bd2 Nf6 7. e5 Nfd7 8. Ne2 Be7 9. g4 c5 10. Ng3 Nc6 11. c3 Qc7 12. d4 c4 13. f5 b5 14. g5 g6 15. fxe6 fxe6 16. Bh3 Nf8 17. a3 Rg8 18. Bg4 Bd8 19. h4 Ne7 20. Qc2 Bc6 21. Nf1 Nf5 22. Ke2 Be7 23. Bh3 a5 24. Bf4 Rg7 25. Ne3 Rf7 26. Bh2 Qb6 27. Ng4 O-O-O 28. Nf6 Nd7 29. Bf4 Qb7 30. Bg4 Nc5 31. Bxf5 gxf5 32. Rhg1 Ne4 33. Nd2 Qc7 34. Ndxe4 dxe4 35. Qd2 Kb7 36. g6 hxg6 37. Rxg6 Qc8 38. h5 Rh8 39. h6 Qf8 40. Bg5 Qd8 41. Qf4 e3 42. h7 b4 43. Rg8 Rfxh7 44. Nxh7 Rxg8 0-1

[Event "CZE-ch Amateurs 2022"]
[Site "Luhacovice"]
[Date "2022.03.17"]
[Round "7.9"]
[White "Sremanak, Slavomir"]
[Black "Merva, Frantisek"]
[Result "1-0"]
[ECO "D31"]
[WhiteElo "2187"]
[BlackElo "2025"]
[Annotator "ChessBase"]
[PlyCount "155"]
[EventDate "2022.03.12"]
[EventType "swiss"]
[EventCountry "CZE"]
[SourceTitle "playchess.com"]
[Source "ChessBase"]
[SourceQuality "1"]
[TimeControl "5400+30"]

1. c4 e6 2. Nc3 d5 3. d4 c6 4. e4 dxe4 5. Nxe4 Bb4+ 6. Nc3 Nf6 7. Qb3 c5 8. dxc5 Nc6 9. Nf3 Bxc5 10. Be2 Qb6 11. Qxb6 Bxb6 12. O-O O-O 13. Bf4 Re8 14. Na4 Nd4 15. Bd1 Nxf3+ 16. Bxf3 Bd4 17. Nc3 e5 18. Bg5 Rb8 19. Rac1 h6 20. Bh4 g5 21. Bg3 g4 22. Bd5 Nxd5 23. Nxd5 Kg7 24. Rfd1 Bf5 25. Rxd4 exd4 26. Bxb8 Rxb8 27. Rd1 Re8 28. Kf1 Re4 29. b3 h5 30. Rd2 Kg6 31. f3 gxf3 32. gxf3 Rh4 33. Kg2 Be6 34. Kg3 Rh3+ 35. Kf4 f6 36. Nc7 Bd7 37. b4 Bc6 38. Nd5 Kf7 39. Rf2 b5 40. Ke4 bxc4 41. Kxd4 c3 42. Kc5 Bb7 43. Nxc3 Bxf3 44. Nb5 a6 45. Nd4 Be4 46. Rf4 Bb1 47. Nf3 Kg6 48. a4 Bc2 49. a5 Ba4 50. Kb6 Bb5 51. Nd4 Bd3 52. Rf2 Rh4 53. Kc5 f5 54. b5 axb5 55. a6 Be4 56. a7 Rh3 57. Nxf5 Ra3 58. Nd6 Ba8 59. Nxb5 Ra1 60. Rf8 Bh1 61. Kb6 Kg5 62. Rg8+ Kh4 63. Rg3 Ra2 64. Nd4 Be4 65. Nf3+ Bxf3 66. Rxf3 Rb2+ 67. Kc5 Ra2 68. Rf7 Kh3 69. Kb4 h4 70. Rf3+ Kxh2 71. Ra3 Rxa3 72. Kxa3 Kg1 73. a8=Q h3 74. Qg8+ Kh1 75. Qd5+ Kg1 76. Qd4+ Kh1 77. Qe4+ Kg1 78. Qg4+ 1-0

[Event "CZE-ch Amateurs 2022"]
[Site "Luhacovice"]
[Date "2022.03.17"]
[Round "7.10"]
[White "Navratilik, Pavel"]
[Black "Novotny, Jaroslav"]
[Result "0-1"]
[ECO "E62"]
[WhiteElo "2082"]
[BlackElo "2190"]
[Annotator "ChessBase"]
[PlyCount "104"]
[EventDate "2022.03.12"]
[EventType "swiss"]
[EventCountry "CZE"]
[SourceTitle "playchess.com"]
[Source "ChessBase"]
[SourceQuality "1"]
[TimeControl "5400+30"]

1. d4 g6 2. c4 Bg7 3. Nc3 d6 4. g3 Nf6 5. Bg2 O-O 6. Nf3 Nc6 7. O-O Bf5 8. d5 Na5 9. Nd2 c5 10. dxc6 Nxc6 11. e4 Bg4 12. f3 Be6 13. Nd5 Rc8 14. Rb1 a6 15. Kh1 b5 16. b3 bxc4 17. bxc4 Nd7 18. f4 Nc5 19. f5 Bxd5 20. cxd5 Ne5 21. Nb3 Na4 22. Bd2 Nc3 23. Bxc3 Rxc3 24. Rc1 Rxc1 25. Qxc1 Qb6 26. fxg6 hxg6 27. Bf3 a5 28. Be2 a4 29. Na1 Qd4 30. Qc2 Rb8 31. Rb1 Rxb1+ 32. Qxb1 Kh7 33. Qd1 Qxe4+ 34. Kg1 Nc4 35. Nc2 Bh6 36. Qd3 Be3+ 37. Nxe3 Qxe3+ 38. Kf1 Qxd3 39. Bxd3 Ne3+ 40. Ke2 Nxd5 41. Bc4 Nc7 42. Kd2 d5 43. Be2 e5 44. Kc3 d4+ 45. Kb4 Nd5+ 46. Kc4 Nc3 47. Bd3 f5 48. a3 Kg7 49. Bc2 Kf6 50. Kb4 e4 51. Kc4 Ke5 52. h4 d3 0-1

[Event "CZE-ch Amateurs 2022"]
[Site "Luhacovice"]
[Date "2022.03.17"]
[Round "7.11"]
[White "Bures, Vit"]
[Black "Dvorak, Milan"]
[Result "1-0"]
[ECO "D35"]
[WhiteElo "2121"]
[BlackElo "1838"]
[Annotator "ChessBase"]
[PlyCount "93"]
[EventDate "2022.03.12"]
[EventType "swiss"]
[EventCountry "CZE"]
[SourceTitle "playchess.com"]
[Source "ChessBase"]
[SourceQuality "1"]
[TimeControl "5400+30"]

1. d4 d5 2. c4 e6 3. Nc3 Nf6 4. cxd5 Nxd5 5. e4 Nxc3 6. bxc3 Be7 7. Nf3 O-O 8. Bc4 Nd7 9. O-O Nb6 10. Bb3 c5 11. a4 c4 12. Bc2 Bd7 13. Bf4 f5 14. exf5 exf5 15. d5 Bf6 16. Be5 Bxe5 17. Nxe5 Qc7 18. Qd4 Rac8 19. a5 Na8 20. d6 Qd8 21. Qd5+ Kh8 22. Nf7+ Rxf7 23. Qxf7 Bc6 24. Qxf5 g6 25. Qe5+ Kg8 26. Rfe1 Qd7 27. Rad1 Rd8 28. Be4 b6 29. Bd5+ Bxd5 30. Qxd5+ Kf8 31. Re7 Qf5 32. Qxf5+ gxf5 33. Rxh7 Kg8 34. Rxa7 bxa5 35. Rxa5 Nb6 36. Rxf5 Nd7 37. h4 Kg7 38. Rd4 Nf6 39. g4 Kg6 40. h5+ Kg7 41. Kg2 Nh7 42. g5 Nf8 43. Re5 Nd7 44. Re7+ Kf8 45. h6 Kg8 46. f4 Nf8 47. d7 1-0

[Event "CZE-ch Amateurs 2022"]
[Site "Luhacovice"]
[Date "2022.03.17"]
[Round "7.12"]
[White "Benes, Miroslav"]
[Black "Urban, Zdenek"]
[Result "0-1"]
[ECO "D87"]
[WhiteElo "1929"]
[BlackElo "2093"]
[Annotator "NA"]
[PlyCount "94"]
[EventDate "2022.03.12"]
[EventType "swiss"]
[EventCountry "CZE"]
[SourceTitle "playchess.com"]
[Source "ChessBase"]
[SourceQuality "1"]
[TimeControl "5400+30"]

1. d4 Nf6 2. c4 g6 3. Nc3 d5 4. cxd5 Nxd5 5. e4 Nxc3 6. bxc3 Bg7 7. Bc4 c5 8. Ne2 Nc6 9. Be3 O-O 10. O-O Qc7 11. Rc1 Rd8 12. Qd2 Ne5 13. Bb3 ({Much weaker is} 13. Bf4 {[#]} Nxc4 $1 14. Bxc7 Nxd2 $15) 13... Ng4 14. Bf4 e5 15. Bg5 exd4 16. Ng3 Rd6 17. Bf4 Ne5 18. cxd4 Qd8 19. d5 b6 20. Bg5 f6 21. Bh6 Bxh6 22. Qxh6 Ba6 23. Rfd1 c4 24. Bc2 b5 25. Ne2 Qb6 26. h3 Re8 $11 27. Nd4 Bc8 28. Qe3 a5 29. f4 Nd7 30. Qf3 Bb7 31. Kh1 f5 32. Nxf5 gxf5 33. e5 Rg6 34. Bxf5 Rg7 35. Qh5 Rd8 36. Be6+ Kh8 37. Rc2 Qe3 38. Qh4 Rf8 39. Bxd7 Rxd7 40. e6 Rxd5 41. Re1 Qd4 42. e7 Re8 43. Re5 Rd6 44. Rce2 Rg6 45. Qh5 Bc6 46. Kh2 Qxf4+ 47. Kh1 Qf1+ 0-1

[Event "CZE-ch Amateurs 2022"]
[Site "Luhacovice"]
[Date "2022.03.17"]
[Round "7.13"]
[White "Jun, Rudolf"]
[Black "Malinovsky, Petr"]
[Result "1-0"]
[ECO "D31"]
[WhiteElo "2215"]
[BlackElo "1965"]
[Annotator "ChessBase"]
[PlyCount "73"]
[EventDate "2022.03.12"]
[EventType "swiss"]
[EventCountry "CZE"]
[SourceTitle "playchess.com"]
[Source "ChessBase"]
[SourceQuality "1"]
[TimeControl "5400+30"]

1. d4 d5 2. c4 e6 3. Nc3 c6 4. e4 dxe4 5. Nxe4 Bb4+ 6. Bd2 Bxd2+ 7. Qxd2 Nf6 8. Nxf6+ Qxf6 9. Nf3 b6 10. Be2 Bb7 11. a4 a5 12. b4 O-O 13. O-O Rd8 14. Rfb1 Nd7 15. bxa5 Rxa5 16. Rxb6 Ra7 17. Rbb1 c5 18. d5 exd5 19. cxd5 Nb6 20. a5 Bxd5 21. Qb2 Nd7 22. a6 Qxb2 23. Rxb2 Kf8 24. Rd2 Nf6 25. Bc4 Rad7 26. Ne5 Rd6 27. f3 Ke7 28. a7 Ba8 29. Rxd6 Rxd6 30. Rb1 Nd7 31. Rb8 Nxe5 32. Rxa8 Rd1+ 33. Kf2 Ra1 34. Bd5 Nd7 35. Bc6 Kd6 36. Bxd7 Kxd7 37. Rf8 1-0

[Event "CZE-ch Amateurs 2022"]
[Site "Luhacovice"]
[Date "2022.03.17"]
[Round "7.15"]
[White "Cagasik, Tomas"]
[Black "Novotny, Josef"]
[Result "1-0"]
[ECO "C01"]
[WhiteElo "2177"]
[BlackElo "2033"]
[Annotator "ChessBase"]
[PlyCount "113"]
[EventDate "2022.03.12"]
[EventType "swiss"]
[EventCountry "CZE"]
[SourceTitle "playchess.com"]
[Source "ChessBase"]
[SourceQuality "1"]
[TimeControl "5400+30"]

1. d4 e6 2. e4 d6 3. Be3 g6 4. Nc3 Nh6 5. f3 f6 6. Qd2 Nf7 7. O-O-O Bg7 8. h4 c6 9. f4 b5 10. h5 g5 11. fxg5 fxg5 12. h6 Bf6 13. Nf3 g4 14. Nh2 e5 15. d5 b4 16. Ne2 Bg5 17. dxc6 Bxe3 18. Qxe3 Nxc6 19. Ng3 Be6 20. Bb5 Rc8 21. Nf5 Bxf5 22. exf5 O-O 23. Nxg4 Kh8 24. Rh5 Rg8 25. Qe4 Rg5 26. Rh4 Ne7 27. Ne3 Rg3 28. Rg4 Rxg4 29. Qxg4 Nxh6 30. Qf3 Neg8 31. Bc4 Qg5 32. Be6 Rd8 33. Kb1 Nf6 34. Nc4 e4 35. Qh3 d5 36. Ne5 Qf4 37. Nc6 Rf8 38. Rh1 Nfg4 39. Qh4 Qd6 40. Nd4 Rf6 41. Qg5 Qf8 42. Rh4 e3 43. Ne2 Qd8 44. Rxg4 Nxg4 45. Qxg4 Qf8 46. Qd4 a5 47. c3 bxc3 48. bxc3 Qg7 49. Kc2 h5 50. Kd3 Kh7 51. Qxd5 Qg5 52. Qd7+ Kh6 53. Qd5 Rf8 54. Qe4 Rd8+ 55. Nd4 e2 56. Qxe2 Qh4 57. Bb3 1-0

[Event "CZE-ch Amateurs 2022"]
[Site "Luhacovice"]
[Date "2022.03.17"]
[Round "7.16"]
[White "Husek, Martin"]
[Black "Novotny, Lubomir"]
[Result "1-0"]
[ECO "A40"]
[WhiteElo "2167"]
[BlackElo "1902"]
[Annotator "ChessBase"]
[PlyCount "53"]
[EventDate "2022.03.12"]
[EventType "swiss"]
[EventCountry "CZE"]
[SourceTitle "playchess.com"]
[Source "ChessBase"]
[SourceQuality "1"]
[TimeControl "5400+30"]

1. e4 c5 2. Nf3 g6 3. d4 Bg7 4. c3 b6 5. Bd3 Bb7 6. O-O e6 7. Na3 Ne7 8. Nb5 d6 9. Bf4 Nc8 10. dxc5 bxc5 11. Bc4 O-O 12. Nxd6 Bc6 13. Nxc8 Qxc8 14. Qe2 Nd7 15. h4 e5 16. Bg3 Qb7 17. Rfe1 Rae8 18. Qc2 Nb6 19. Nd2 Bh6 20. Bf1 Bxd2 21. Qxd2 Bxe4 22. f3 Rd8 23. Qh6 Bf5 24. Rxe5 c4 25. Rxf5 gxf5 26. Qg5+ Kh8 27. Qf6+ 1-0

[Event "CZE-ch Amateurs 2022"]
[Site "Luhacovice"]
[Date "2022.03.17"]
[Round "7.17"]
[White "Lukastik, David"]
[Black "Lorenc, Tomas"]
[Result "1/2-1/2"]
[ECO "A59"]
[WhiteElo "1854"]
[BlackElo "2183"]
[Annotator "ChessBase"]
[PlyCount "134"]
[EventDate "2022.03.12"]
[EventType "swiss"]
[EventCountry "CZE"]
[SourceTitle "playchess.com"]
[Source "ChessBase"]
[SourceQuality "1"]
[TimeControl "5400+30"]

1. d4 Nf6 2. c4 c5 3. d5 b5 4. cxb5 a6 5. bxa6 Bxa6 6. Nc3 d6 7. e4 Bxf1 8. Kxf1 Nbd7 9. Nf3 g6 10. g3 Bg7 11. Kg2 O-O 12. Re1 Qa5 13. a4 Rfb8 14. Qc2 Ng4 15. Bd2 Qb4 16. h3 Nge5 17. Nxe5 Nxe5 18. Nb5 Qc4 19. Bc3 Nd3 20. b3 Nxe1+ 21. Rxe1 Bxc3 22. bxc4 Bxe1 23. f4 Ba5 24. e5 Ra6 25. Kf3 Bd8 26. g4 Rba8 27. Nc3 dxe5 28. fxe5 f6 29. exf6 exf6 30. Qe4 Bc7 31. Nb5 Be5 32. d6 Rxa4 33. Qd5+ Kf8 34. Qxc5 Rd8 35. d7+ Kf7 36. Nd6+ Bxd6 37. Qxd6 Ra7 38. Qd5+ Kg7 39. g5 Raxd7 40. gxf6+ Kxf6 41. Qc6+ Rd6 42. Qc7 R8d7 43. Qc8 Ke5 44. Qc5+ Ke6 45. Qc8 Rd3+ 46. Ke2 Ke5 47. Qc5+ Kf4 48. Qf2+ Ke4 49. Qh4+ Kf5 50. Qg4+ Ke5 51. Qg5+ Kd4 52. c5 Rd5 53. Qxd5+ Kxd5 54. Kxd3 Kxc5 55. Ke4 Kd6 56. Kf4 h6 57. h4 Kd5 58. h5 g5+ 59. Kf5 Kd6 60. Kg6 g4 61. Kxh6 g3 62. Kh7 g2 63. h6 g1=Q 64. Kh8 Qd4+ 65. Kg8 Qd5+ 66. Kg7 Qg5+ 67. Kh7 Ke7 1/2-1/2

[Event "CZE-ch Amateurs 2022"]
[Site "Luhacovice"]
[Date "2022.03.17"]
[Round "7.18"]
[White "Zabystrzan, Pavel"]
[Black "Strapec, Lukas"]
[Result "1-0"]
[ECO "D94"]
[WhiteElo "2162"]
[BlackElo "1835"]
[Annotator "ChessBase"]
[PlyCount "141"]
[EventDate "2022.03.12"]
[EventType "swiss"]
[EventCountry "CZE"]
[SourceTitle "playchess.com"]
[Source "ChessBase"]
[SourceQuality "1"]
[TimeControl "5400+30"]

1. Nf3 d5 2. c4 c6 3. e3 Nf6 4. Nc3 g6 5. d4 Bg7 6. Be2 O-O 7. O-O dxc4 8. Bxc4 Nbd7 9. h3 Nb6 10. Bb3 Bf5 11. Qe2 Be4 12. Nxe4 Nxe4 13. Qc2 Nd6 14. Bd2 Nd7 15. Rac1 Re8 16. Rfd1 a5 17. a4 e5 18. dxe5 Nxe5 19. Nxe5 Bxe5 20. Bc3 Qf6 21. Bxe5 Rxe5 22. Rd4 Nf5 23. Rd7 Re7 24. Rcd1 Rae8 25. Bc4 Rxd7 26. Rxd7 Re7 27. Rd8+ Kg7 28. Qd2 Qe5 29. g4 Nh4 30. Be2 Qe4 31. Qd4+ Re5 32. Qxe4 Rxe4 33. b3 Re7 34. Kh2 g5 35. Kg3 Ng6 36. Bd3 Ne5 37. Bf5 h6 38. f4 Ng6 39. Kf2 gxf4 40. exf4 Nxf4 41. h4 Nd5 42. Rb8 b6 43. Bd3 Re6 44. Bc4 Re4 45. Rc8 Re6 46. Rd8 Rf6+ 47. Kg3 Nc3 48. Rb8 Ne4+ 49. Kg2 c5 50. Bd5 Nc3 51. Bc4 Ne4 52. Bd5 Nc3 53. Bc4 Rf4 54. Rxb6 Rxg4+ 55. Kf3 Rg6 56. Rb7 Rf6+ 57. Ke3 Rf5 58. Ra7 Nd1+ 59. Ke4 Rf6 60. Rxa5 Nf2+ 61. Kd5 Rf5+ 62. Kc6 Ne4 63. Ra7 Rf4 64. a5 Rf6+ 65. Kd5 Re6 66. a6 Kf6 67. Rc7 Re5+ 68. Kc6 Nc3 69. Rxf7+ Kg6 70. a7 Re8 71. Rf3 1-0

[Event "CZE-ch Amateurs 2022"]
[Site "Luhacovice"]
[Date "2022.03.17"]
[Round "7.20"]
[White "Zemen, Pavel"]
[Black "Galicek, Stanislav"]
[Result "0-1"]
[ECO "B88"]
[WhiteElo "1767"]
[BlackElo "2079"]
[Annotator "ChessBase"]
[PlyCount "69"]
[EventDate "2022.03.12"]
[EventType "swiss"]
[EventCountry "CZE"]
[SourceTitle "playchess.com"]
[Source "ChessBase"]
[SourceQuality "1"]
[TimeControl "5400+30"]

1. e4 c5 2. Nf3 Nc6 3. d4 cxd4 4. Nxd4 Nf6 5. Nc3 d6 6. Bc4 e6 7. O-O Be7 8. Bb3 O-O 9. Be3 Na5 10. h3 a6 11. Qd2 b5 12. f3 Bd7 13. Rfd1 Qc7 14. Nce2 Rab8 15. Bf2 Rfc8 16. Rac1 Nc4 17. Bxc4 bxc4 18. b3 g6 19. Nc3 Nh5 20. Nde2 Bb5 21. Kh1 Bf8 22. Bd4 Qe7 23. g4 Nf6 24. Kg2 Nd7 25. Ng3 Ne5 26. Nce2 Rc7 27. Bc3 Be8 28. Bb4 Rc6 29. f4 Nd7 30. e5 Rxb4 31. Qxb4 dxe5 32. Qxe7 Bxe7 33. Ne4 f5 34. Kf3 Bg5 35. Kg3 0-1

[Event "CZE-ch Amateurs 2022"]
[Site "Luhacovice"]
[Date "2022.03.19"]
[Round "9.1"]
[White "Sremanak, Slavomir"]
[Black "Buchcar, Tomas"]
[Result "0-1"]
[ECO "B10"]
[WhiteElo "2187"]
[BlackElo "2121"]
[Annotator "ChessBase"]
[PlyCount "80"]
[EventDate "2022.03.12"]
[EventType "swiss"]
[EventCountry "CZE"]
[SourceTitle "playchess.com"]
[Source "ChessBase"]
[SourceQuality "1"]
[TimeControl "5400+30"]

1. e4 c6 2. d3 g6 3. f4 d5 4. Nd2 Bg7 5. Ngf3 Bg4 6. Be2 e6 7. O-O Nd7 8. a4 Ngf6 9. h3 Bxf3 10. Bxf3 Qb6+ 11. Kh1 h5 12. a5 Qc7 13. e5 Ng8 14. b4 Ne7 15. Nb3 Nf5 16. Re1 Bf8 17. Bd2 Be7 18. Rg1 c5 19. c4 dxc4 20. Nxc5 Nxc5 21. bxc5 O-O 22. a6 Bxc5 23. axb7 Rab8 24. Ba5 Qe7 25. Rb1 cxd3 26. g3 Bxg1 27. Qxg1 Qd7 28. Qxa7 Qa4 29. Qc5 Nxg3+ 30. Kg2 Qa2+ 31. Kxg3 Qxb1 32. f5 exf5 33. e6 fxe6 34. Bc3 Rxb7 35. Qe5 Kh7 36. Qxe6 Qg1+ 37. Kh4 Qf2+ 38. Kg5 Qg3+ 39. Bg4 Rg8 40. Qd5 Qe3+ 0-1